 Dungeon Crawl Stone Soup version 0.26.1-2-gb8aa6d0 (webtiles) character file.

Game seed: 2012160092741152813

107 Hoody the Ruffian (level 4, -5/39 HPs)
             Began as a Troll Enchanter on July 30, 2021.
             Slain by a hornet (17 damage)
             ... while paralysed by a hornet
             ... on level 3 of the Dungeon.
             The game lasted 00:05:02 (1905 turns).

Hoody the Ruffian (Troll Enchanter)                 Turns: 1905, Time: 00:05:03

Health: -5/39      AC:  6    Str: 17    XL:     4   Next: 57%
Magic:  4/4        EV:  1    Int: 11    God:
Gold:   92         SH:  0    Dex: 10    Spells: 4/5 levels left

rFire    . . .     SeeInvis .     - Unarmed
rCold    . . .     Faith    .   (no shield)
rNeg     . . .     Spirit   .   b - +0 robe
rPois    .         Reflect  .   (helmet restricted)
rElec    .         Harm     .   (no cloak)
rCorr    .         Rampage  .   (gloves unavailable)
Will     .....                  (boots unavailable)
Stlth    ++........             (no amulet)
HPRegen  0.53/turn              (no ring)
MPRegen  0.09/turn              (no ring)

@: paralysed, lethally poisoned (-5 -> -8), slowed
A: large, unfitting armour, claws 3, regeneration 1, shaggy fur 1, tough skin 3
a: no special abilities


You were on level 3 of the Dungeon.
You visited 1 branch of the dungeon, and saw 3 of its levels.

You collected 92 gold pieces.

Inventory:

Armour
 b - a +0 robe (worn)
Jewellery
 g - a +6 ring of dexterity {unknown}
   (You found it on level 2 of the Dungeon)
Scrolls
 c - 2 scrolls of fear {unknown}
 d - a scroll of enchant weapon {unknown}
 e - a scroll of noise {unknown}
 f - 3 scrolls of identify {unknown}
 h - a scroll of teleportation {unknown}
 i - a scroll of random uselessness {unknown}
Potions
 a - 3 potions of curing {unknown}


   Skills:
 - Level 0.7 Short Blades
 - Level 1.5 Dodging
 - Level 1.5 Stealth
 * Level 4.3 Unarmed Combat
 - Level 1.2 Spellcasting
 - Level 2.0 Hexes


You had 4 spell levels left.
You knew the following spells:

 Your Spells              Type           Power        Failure   Level
a - Corona                Hex            5%           14%         1

Your spell library contained the following spells:

 Spells                   Type           Power        Failure   Level
 Ensorcelled Hibernation  Hex/Ice        4%           32%         2
 Confusing Touch          Hex            5%           38%         3
 Tukima's Dance           Hex            5%           38%         3
 Dazzling Flash           Conj/Hex       4%           54%         3


Dungeon Overview and Level Annotations

Branches:
Dungeon (3/15)

Altars:
Okawaru


Innate Abilities, Weirdness & Mutations

You are too large for most types of armour.
You have claws for hands.
Your natural rate of healing is unusually fast.
You are covered in fur. (AC +1)
You have extremely tough skin. (AC +3)


Message History

Found a scroll labelled ZANAEN FISUCS.
Found a stone staircase leading down and a stone staircase leading up.
i - a scroll labelled ZANAEN FISUCS A goblin comes into view.
It is wielding a +0 club.
The goblin closely misses you.
You claw the goblin!
You kill the goblin!
No target in view!
Things that are here:
a +0 club; a goblin corpse A giant cockroach comes into view.
You closely miss the giant cockroach.
The giant cockroach bites you but does no damage. x2
You closely miss the giant cockroach. The giant cockroach bites you.
You barely miss the giant cockroach. The giant cockroach closely misses you.
You scratch the giant cockroach but do no damage.
The giant cockroach bites you but does no damage.
You claw the giant cockroach!
You kill the giant cockroach!
No target in view!
A hornet comes into view.
Okay, then.
A hornet is nearby!
A hobgoblin comes into view. It is wielding a +0 club.
Unknown command.
There are monsters nearby!
You claw the hobgoblin!
You kill the hobgoblin!
The hornet buzzes angrily.
The hornet stings you.
You are poisoned.
You feel yourself slow down.
You barely miss the hornet.
You feel yourself speed up.
You feel sick. The hornet stings you.
You feel yourself slow down. The hornet stings you!
You feel as though you will be slow longer.
The hornet completely misses you.
You closely miss the hornet.
You feel sick. The hornet stings you.
You are more poisoned.
You suddenly lose the ability to move!
The hornet stings you but does no damage.
You feel sick. The hornet stings you!
* * * LOW HITPOINT WARNING * * *
You feel as though you will be slow longer.
You feel sick.
The hornet stings you but does no damage.
The hornet stings you!
You die...

#.#.##
###..#
#.###.##
#..# #.#
##.# #...
###.###.##
#..#
#.......#
#...
#.##..#.#
....
#.##.#
####
#..).#
####@# #y#
..# ##.#
#.# #.#
#.# #.#


You could see a hornet.

Vanquished Creatures
  Terence (D:2)
  4 dart slugs
  2 leopard geckos (D:2)
  6 orcs (D:3)
  8 bats
  4 giant cockroaches
  9 hobgoblins
  2 jackals (D:2)
  5 frilled lizards
  7 goblins
  8 kobolds
  10 rats
66 creatures vanquished.

Notes
Turn   | Place    | Note
-------+----------+-------------------------------------------
     0 | D:1      | Hoody the Troll Enchanter began the quest for the Orb.
     0 | D:1      | Reached XP level 1. HP: 16/16 MP: 1/1
   100 | D:1      | Reached skill level 1 in Unarmed Combat
   165 | D:1      | Reached XP level 2. HP: 24/24 MP: 2/2
   237 | D:1      | Reached skill level 2 in Unarmed Combat
   883 | D:2      | Reached XP level 3. HP: 31/31 MP: 3/3
   952 | D:2      | Reached skill level 3 in Unarmed Combat
   993 | D:2      | Found an iron altar of Okawaru.
  1107 | D:2      | Noticed Terence
  1122 | D:2      | Killed Terence
  1123 | D:2      | Reached XP level 4. HP: 39/39 MP: 4/4
  1489 | D:2      | Reached skill level 4 in Unarmed Combat
  1897 | D:3      | Noticed a hornet
  1903 | D:3      | Paralysed by a hornet for 3 turns
  1905 | D:3      | Slain by a hornet

Illustrated notes

Levels and vault maps discovered:
D:1:      minmay_arrival_loop, layout_loops_ring
D:2:      minmay_evil_eye, layout_loops_cross, okawaru_metal_pillars_1_2,
          uniq_terence
D:3:      layout_loops_cross, xom_butterflies, grunt_gozag_statues,
          uniq_sigmund, uniq_jessica

Skill      XL: |  1  2  3  4 |
---------------+-------------+-----
Unarmed Combat | 1 2 3 4 |  4.3
Short Blades   | |  0.7
Dodging        | |  1.5
Stealth        | |  1.5
Spellcasting   | |  1.2
Hexes          | |  2.0

Action                   |  1- 3 |  4- 6 || total
-------------------------+-------+-------++-------
Melee: Unarmed           |   110 |    74 ||   184
 Stab: Sleeping          |     4 |     2 ||     6
Armor: Robe              |    39 |    29 ||    68
Dodge: Dodged            |    55 |    40 ||    95
